 Dungeon Crawl Stone Soup version 0.15.2 (webtiles) character file.

1070 4tharraofdagon the Cudgeler (level 8, -2/70 HPs)
             Began as a Green Draconian Fighter on Dec 30, 2014.
             Was a Follower of Cheibriados.
             Slain by a wight
             ... wielding a cursed +0 flail
              (7 damage)
             ... on Level 6 of the Dungeon.
             The game lasted 00:13:01 (2106 turns).

4tharraofdagon the Cudgeler (DrFi)                  Turns: 2106, Time: 00:13:01

HP  -2/70        AC 13     Str 23      XL: 8   Next:  7%
MP   9/9         EV 17     Int 16      God: Cheibriados [*.....]
Gold 194         SH 10     Dex 20      Spells:  0 memorised,  7 levels left

rFire  . . .     SeeInvis .     u - +1 flail (protect)
rCold  . . .     Clarity  .     (armour unavailable)
rNeg   . . .     rCorr    +     c - +0 shield
rPois  +         rRot     .     (helmet restricted)
rElec  .         Spirit   .     (no cloak)
SustAb .         Warding  .     b - +0 pair of gloves
rMut   .         Stasis   .     d - +0 pair of boots
Gourm  .                        x - amulet of resist corrosion
MR     .....                    (no ring)
                                (no ring)

@: brilliant, agile, very slightly contaminated, drained, very slow, not
resistant to hostile enchantments, fairly stealthy
A: breathe noxious fumes, unfitting armour, poison resistance, cold-blooded, AC
+6
a: Breathe Noxious Fumes, Bend Time, Renounce Religion


You were on level 6 of the Dungeon.
You worshipped Cheibriados.
Cheibriados was aware of your devotion.
You were not hungry.

You visited 1 branch of the dungeon, and saw 6 of its levels.
You also visited: Sewer.

You collected 194 gold pieces.

Inventory:

Hand weapons
 a - a +0 flail
 n - a +2 whip of freezing
 u - a +1 flail of protection (weapon)
Missiles
 q - 8 needles of frenzy
Armour
 b - a +0 pair of gloves (worn)
 c - a +0 shield (worn)
 d - a +0 pair of boots (worn)
Comestibles
 f - 2 bread rations
 h - 2 meat rations
 p - a beef jerky
 w - a rotting chunk of human flesh
Scrolls
 j - 2 scrolls of remove curse {unknown}
 m - a scroll of identify {unknown}
 t - a scroll of magic mapping {unknown}
 v - a scroll of teleportation {unknown}
Jewellery
 x - an amulet of resist corrosion (around neck)
Potions
 i - a potion of magic
 k - a potion of brilliance
 l - a potion of confusion
Books
 o - a book of Envenomations

   Spells                             Type                      Level
   Spider Form                        Transmutation/Poison         3
   Alistair's Intoxication            Transmutation/Poison         4
   Olgreb's Toxic Radiance            Poison                       4
   Poisonous Cloud                    Conjuration/Poison/Air       6


   Skills:
 + Level 5.8(4.6) Fighting
 * Level 6.1(4.9) Maces & Flails
 + Level 4.5(3.4) Dodging
 + Level 5.0(3.9) Shields
 + Level 1.0(0.0) Invocations


You had 7 spell levels left.
You didn't know any spells.

Dungeon Overview and Level Annotations

Branches:
Dungeon (6/15)
 Temple: D:4-7

Altars:
Cheibriados
Vehumet


Innate Abilities, Weirdness & Mutations

You can breathe blasts of noxious fumes.
Your lurid green scales are hard (AC +6).
Your body does not fit into most forms of armour.
Your system is resistant to poisons.
Your cold-blooded metabolism reacts poorly to cold.


Message History

Unknown command.
Unknown command.
Unknown command.
You barely miss the wight.
The wight is severely damaged.
You block the wight's attack. The wight closely misses you.
Unknown command.
Unknown command.
Unknown command.
You hit the wight.
You tail-slap the wight, but do no damage.
The wight is almost destroyed.
You block the wight's attack.
Unknown command.
Unknown command.
Unknown command.
You hit the wight.
The wight is almost destroyed.
The wight misses you. The wight hits you with a flail!
You die...

################ ########
.#......)#.....## ##...(..#
.#......)'......###.g.....#
.#########.......#...(....##'#
..#.............@#((.........#
.)'.............)zz..........#
.)#..............#.%.........#
.#########.......#........##'#
.#.....).)[..)..###.......# gg
)#.....).#.....## ##......#
###########################
.≈≈≈≈≈≈≈≈≈≈≈≈≈≈≈≈≈≈≈≈≈≈≈≈≈
..≈≈≈≈≈≈≈≈≈≈≈≈≈≈≈≈≈≈≈≈≈≈≈≈≈


You could see 2 wights.

Vanquished Creatures
  Edmund (D:6)
  A black bear (D:6)
  A phantom (D:4)
  The ghost of Tarquin the Stinger, an average SpVM (D:3)
  A giant frog (D:6)
  Duvessa (D:4)
  A scorpion (D:6)
  2 wights (D:6)
  Dowan (D:4)
  An orc priest (D:3)
  5 orc wizards
  2 worker ants (D:4)
  A gnoll (D:6)
  8 adders
  2 giant geckos (D:1)
  5 orcs
  2 ball pythons
  2 giant cockroaches
  14 goblins
  13 hobgoblins
  11 jackals
  9 kobolds
  8 bats
  5 giant newts
  11 rats
  A plant (Sewer)
110 creatures vanquished.

Notes
Turn   | Place    | Note
--------------------------------------------------------------
     0 | D:1      | 4tharraofdagon, the Draconian Fighter, began the quest for the Orb.
     0 | D:1      | Reached XP level 1. HP: 19/19 MP: 1/1
   154 | D:1      | Reached XP level 2. HP: 20/26 MP: 2/2
   313 | D:2      | Reached XP level 3. HP: 25/31 MP: 3/3
   522 | D:3      | Reached XP level 4. HP: 40/40 MP: 4/4
   526 | D:3      | Reached skill level 4 in Fighting
   577 | D:3      | Noticed Tarquin's ghost (average SpVM)
   583 | D:3      | Killed Tarquin's ghost
   583 | D:3      | Reached XP level 5. HP: 41/46 MP: 5/5
   832 | D:3      | Reached XP level 6. HP: 18/53 MP: 6/6
   991 | D:4      | Noticed Duvessa
  1018 | D:4      | Noticed Dowan
  1024 | D:4      | Killed Duvessa
  1029 | D:4      | Killed Dowan
  1134 | D:4      | Reached skill level 5 in Fighting
  1210 | D:4      | Found a glowing drain.
  1215 | Sewer    | Entered a sewer
  1388 | Sewer    | Reached skill level 5 in Maces & Flails
  1388 | Sewer    | Your scales start taking on a lurid green colour.
  1388 | Sewer    | Gained mutation: Your system is resistant to poisons. [draconian maturity]
  1388 | Sewer    | Reached XP level 7. HP: 41/61 MP: 7/7
  1399 | Sewer    | :win
  1578 | D:5      | Entered Level 5 of the Dungeon
  1655 | D:6      | Found a radiant altar of Vehumet.
  1655 | D:6      | Found a snail-covered altar of Cheibriados.
  1658 | D:6      | Became a worshipper of Cheibriados the Contemplative
  1748 | D:6      | Noticed Edmund
  1796 | D:6      | Killed Edmund
  2035 | D:6      | Reached skill level 6 in Maces & Flails
  2035 | D:6      | Reached skill level 5 in Shields
  2041 | D:6      | Reached XP level 8. HP: 56/70 MP: 7/9
  2064 | D:6      | Reached skill level 1 in Invocations
  2086 | D:6      | HP: 1/70 [wight/short sword (5)]
  2106 | D:6      | Slain by a wight

Action                   |  1- 3 |  4- 6 |  7- 9 || total
-------------------------+-------+-------+-------++-------
Melee: Flail             |    75 |    67 |    94 ||   236
       Whip              |       |   128 |    95 ||   223
 Abil: Breathe Noxious F |       |       |     3 ||     3
  Use: Potion            |     2 |     1 |     6 ||     9
       Scroll            |       |     1 |     1 ||     2
 Stab: Confused          |       |       |     5 ||     5
  Eat: Chunk             |       |     2 |     3 ||     5
